Map: Acid Plant LE

Players

Guru

  • Race: Zerg Zerg
  • Spawn Location: 11:00

Stephano - Winner!

  • Race: Zerg Zerg
  • Spawn Location: 5:00

Event: WCS Leipzig 2018

VOD

Have the link to the VOD?

Description

Time

  • Played on: Jan. 26, 2018, 7:09 a.m.
  • Length: 9:37

All games in this series

Show
View Real Time Build Order
Export as new Build Order

Guru Zerg 

Build Orders: Hatch First 

Get SALT Encoding   

  12  0:00  Drone  
  13  0:13  Overlord  
  13  0:17  Drone  
  14  0:31  Drone  
  14  0:32  Drone  
  16  0:36  Drone  
  17  0:52  Hatchery  
  17  0:55  Drone  
  17  0:59  Drone  
  18  1:09  Extractor  
  17  1:13  Spawning Pool  
  17  1:16  Drone  
  17  1:20  Drone  
  18  1:28  Drone  
  19  1:54  Overlord  
  19  2:01  Queen  
  19  2:04  Queen  
  19  2:05  Drone x2  
  19  2:06  Zergling x2  
  26  2:09  Metabolic Boost  
  26  2:20  Zergling x2  
  26  2:22  Drone x2  
  29  2:27  Drone  
  30  2:39  Drone  
  30  2:40  Hatchery  
  30  2:47  Baneling Nest  
  29  2:52  Drone  
  29  2:53  Overlord  
  30  3:00  Queen  
  30  3:02  Drone  
  33  3:07  Zergling x4  
  35  3:13  Drone x2  
  35  3:14  Drone  
  35  3:17  Drone  
  35  3:19  Drone  
  39  3:25  Zergling x2  
  39  3:26  Zergling x4  
  42  3:28  Zergling x2  
  42  3:32  Baneling  
  42  3:33  Baneling  
  43  3:36  Overlord  
  43  3:43  Overlord  
  43  3:47  Overlord  
  43  3:53  Drone, Baneling  
  43  3:54  Baneling, Drone x2  
  43  3:55  Drone x3  
  49  4:01  Drone x2  
  51  4:05  Drone  
  52  4:14  Drone x2  
  52  4:15  Extractor  
  52  4:16  Extractor  
  52  4:17  Drone  
  53  4:18  Roach Warren  
  53  4:19  Evolution Chamber  
  53  4:21  Drone  
  53  4:22  Drone x2  
  54  4:34  Zergling x2  
  54  4:36  Drone x4  
  58  4:44  Overlord  
  58  4:45  Overlord  
  58  4:47  Overlord  
  58  4:48  Zerg Missile Weapons Level 1  
  58  4:49  Overlord  
  58  4:54  Overlord  
  58  4:59  Roach x2  
  63  5:00  Roach x3  
  63  5:01  Drone  
  63  5:05  Roach  
  63  5:07  Roach  
  71  5:09  Roach  
  71  5:10  Roach  
  71  5:13  Roach  
  75  5:15  Zergling x4  
  75  5:17  Zergling x4  
  78  5:21  Zergling x2  
  78  5:24  Baneling x2  
  78  5:26  Zergling x2  
  80  5:31  Extractor, Lair  
  79  5:40  Drone  
  79  5:41  Drone x3  
  81  5:44  Drone x2  
  81  5:47  Drone x5  
  81  5:49  Drone x2  
  90  5:50  Drone  
  90  5:53  Drone x2  
  91  5:58  Drone x2  
  91  6:00  Overlord  
  93  6:06  Overlord  
  93  6:08  Ravager x2  
  93  6:09  Roach  
  97  6:14  Roach  
  98  6:18  Roach  
  98  6:19  Roach x2  
  98  6:21  Roach  
  104  6:27  Spine Crawler  
  104  6:28  Roach x2  
  104  6:29  Spine Crawler x2  
  104  6:34  Roach x3  
  104  6:35  Roach  
  104  6:37  Roach  
  114  6:43  Overlord  
  107  6:57  Roach x4  
  107  7:01  Roach x3  
  114  7:02  Roach x2  
  114  7:05  Drone x3  
  114  7:07  Ravager x3  
  114  7:08  Drone  
  111  7:11  Drone x3  
  111  7:14  Queen  
  116  7:23  Glial Reconstitution  
  116  7:25  Drone  
  116  7:26  Drone x5  
  122  7:30  Extractor  
  114  7:40  Roach x2  
  114  7:41  Ravager  
  112  7:45  Roach  
  112  7:46  Roach  
  112  7:50  Roach  
  112  7:51  Roach  
  109  7:53  Roach x2  
  105  7:59  Drone  
  105  8:03  Overlord  
  92  8:23  Roach  
  92  8:25  Queen  
  96  8:28  Drone x5  
  101  8:37  Roach x3  
  101  8:38  Roach  
  106  8:47  Roach x2  
  101  8:51  Roach  
  101  8:53  Roach  
  101  8:55  Queen  
  107  9:04  Roach x2  
  109  9:13  Roach  
  109  9:14  Roach  
  91  9:25  Drone x2  
Show
View Real Time Build Order
Export as new Build Order

Stephano Zerg - Winner!

Build Orders: Hatch First 

Get SALT Encoding   

  12  0:00  Drone  
  13  0:12  Overlord  
  13  0:17  Drone  
  14  0:30  Drone  
  14  0:31  Drone  
  14  0:34  Drone  
  17  0:51  Hatchery  
  17  0:54  Drone  
  17  0:57  Drone  
  18  1:08  Extractor  
  17  1:12  Spawning Pool  
  17  1:16  Drone  
  17  1:18  Drone  
  18  1:28  Drone  
  19  1:39  Overlord  
  19  1:49  Drone  
  20  1:58  Queen  
  20  2:00  Drone  
  23  2:03  Queen  
  23  2:04  Drone  
  23  2:07  Metabolic Boost  
  26  2:13  Drone  
  26  2:14  Drone  
  28  2:21  Drone  
  29  2:26  Drone  
  30  2:33  Baneling Nest  
  30  2:34  Queen  
  31  2:38  Zergling x4  
  33  2:48  Overlord  
  33  2:57  Hatchery  
  33  2:58  Zergling x2  
  33  3:00  Zergling x2  
  33  3:03  Drone  
  33  3:05  Drone  
  36  3:10  Drone x2  
  36  3:12  Drone  
  39  3:15  Drone x2  
  39  3:19  Baneling x2  
  41  3:20  Baneling  
  41  3:24  Overlord  
  41  3:26  Drone  
  42  3:28  Drone  
  42  3:34  Drone  
  44  3:43  Zergling x2  
  44  3:44  Zergling x6  
  44  3:46  Drone x2  
  44  3:48  Drone  
  50  3:52  Drone  
  50  3:53  Evolution Chamber  
  50  3:54  Overlord  
  50  4:02  Baneling  
  50  4:03  Baneling x2  
  50  4:07  Drone  
  51  4:10  Extractor x2  
  51  4:11  Drone x2, Roach Warren  
  51  4:14  Drone x2  
  51  4:15  Drone x2  
  54  4:19  Drone x2  
  54  4:22  Drone x2  
  56  4:39  Zergling x12  
  56  4:40  Zerg Ground Armor Level 1  
  56  4:45  Zergling x8  
  64  4:47  Overlord  
  64  4:48  Overlord  
  64  5:12  Roach x9  
  81  5:18  Baneling x2  
  81  5:22  Overlord x2  
  81  5:26  Overlord  
  81  5:41  Roach x2  
  81  5:42  Roach  
  85  5:45  Zergling x12  
  90  5:58  Zergling x8  
  90  6:00  Zergling x6  
  90  6:02  Zergling x4  
  90  6:03  Zergling x2  
  100  6:06  Ravager x3  
  100  6:07  Ravager  
  104  6:14  Zergling x2  
  105  6:21  Zergling x2  
  105  6:22  Overlord  
  105  6:24  Overlord  
  105  6:25  Lair  
  106  6:33  Overlord  
  106  6:35  Zerg Missile Weapons Level 1  
  106  6:41  Zergling x2  
  106  6:42  Zergling x14  
  106  6:55  Zergling x2  
  106  6:56  Zergling x12  
  106  7:00  Roach x2  
  106  7:01  Roach x2  
  107  7:07  Zergling x10  
  106  7:12  Ravager x3  
  106  7:13  Zergling x6  
  108  7:19  Zergling x6  
  111  7:24  Glial Reconstitution  
  111  7:28  Pneumatized Carapace, Extractor  
  105  7:43  Roach x4  
  105  7:48  Zergling x2  
  105  7:49  Zergling x12  
  108  7:53  Zergling x12  
  109  8:03  Zergling x4  
  107  8:12  Zergling x2  
  104  8:13  Zergling x2  
  108  8:20  Roach x7  
  108  8:21  Roach  
  108  8:23  Queen  
  122  8:27  Roach  
  122  8:31  Roach x2  
  107  8:49  Roach x9  
  122  8:58  Roach x2  
  124  9:08  Roach x2  
  128  9:15  Roach x4  
  128  9:16  Roach  
Tags
 
Add a new tag
Caveats
  • Supply blocks, unpowered buildings, or Contaminate may cause inaccurate times.
  • Supply counts are checked every 10 seconds.